 Dungeon Crawl Stone Soup version 0.30.1-4-g462c640d31 (webtiles) character file.

Game seed: 12352464320960523285

193 Nick1 the Shield-Bearer (level 6, 0/49 HPs)
             Began as a Formicid Fighter on Sept 17, 2023.
             Slain by a gnoll
             ... wielding a +0 spear
              (4 damage)
             ... on level 4 of the Dungeon.
             The game lasted 00:09:17 (2217 turns).

Nick1 the Shield-Bearer (Formicid Fighter)          Turns: 2217, Time: 00:09:17

Health: 0/49       AC:  7    Str: 29    XL:     6   Next: 3%
Magic:  6/6        EV:  9    Int:  7    God:
Gold:   176        SH:  9    Dex: 13    Spells: 5/5 levels left

rFire   . . .        a - +0 war axe
rCold   . . .        j - +0 kite shield
rNeg    . . .        b - +0 scale mail
rPois   .            (helmet unavailable)
rElec   .            (no cloak)
rCorr   .            (no gloves)
SInv    +            (no boots)
Will    .....        (no amulet) Stlth
                     i - +6 ring of strength
HPRegen 0.28/turn    (no ring)
MPRegen 0.10/turn

%: no passive effects
@: no status effects
A: permanent stasis, dig shafts and tunnels, antennae 3, four strong arms
a: Dig, Shaft Self


You were on level 4 of the Dungeon.
You visited 1 branch of the dungeon, and saw 4 of its levels.

You collected 176 gold pieces.

Inventory:

Hand Weapons
 a - a +0 war axe (weapon)
Missiles
 r - 10 poisoned darts (quivered)
Armour
 b - a +0 scale mail (worn)
 j - a +0 kite shield (worn)
 n - a scarf of harm
Jewellery
 i - a +6 ring of strength (left hand)
Wands
 t - a wand of roots (4)
Scrolls
 g - a scroll of amnesia {unknown}
 k - a scroll of magic mapping {unknown}
 l - a scroll of acquirement {unknown}
 m - a scroll of silence {unknown}
 p - a scroll of noise {unknown}
Potions
 c - a potion of curing {unknown}
 d - 2 potions of might
 e - a potion of attraction {unknown}
 f - 2 potions of heal wounds
 h - a potion of resistance {unknown}
 o - 2 potions of brilliance {unknown}
 q - a potion of degeneration {unknown}
 s - a potion of magic {unknown}
 u - 2 potions of berserk rage {unknown}
 v - a potion of mutation {unknown}


   Skills:
 * Level 4.3 Fighting
 * Level 3.8 Axes
 * Level 4.2 Armour
 + Level 0.5 Dodging
 * Level 4.7 Shields


You had 5 spell levels left.
You didn't know any spells.
Your spell library was empty.

Dungeon Overview and Level Annotations

Branches:
Dungeon (4/15)
 Temple: D:4-7

Altars:
Ashenzari
Fedhas
Hepliaklqana
Nemelex Xobeh
Qazlal


Innate Abilities, Weirdness & Mutations

You cannot be hasted, slowed, berserked, paralysed or teleported.
You can dig through walls and to a lower floor.
You have a pair of large antennae on your head. (SInv)
Your four strong arms can wield two-handed weapons with a shield.


Message History

The endoplasm is almost dead.
You block the gnoll's attack. The gnoll closely misses you.
The endoplasm freezes you.
You are frozen.
You barely miss the endoplasm.
The endoplasm is almost dead.
You block the gnoll's attack. The gnoll hits you but does no damage.
The endoplasm barely misses you. The gnoll closely misses you.
The gnoll hits you from afar with a +0 spear.
The endoplasm freezes you.
You are frozen.
You barely miss the endoplasm.
The endoplasm is almost dead.
The gnoll hits you from afar with a +0 spear.
The gnoll completely misses you. The endoplasm freezes you.
You are frozen.
You slash the endoplasm!
You kill the endoplasm!
You block the gnoll's attack.
The gnoll hits you from afar with a +0 spear!
The gnoll hits you from afar with a +0 spear.
You block the gnoll's attack. The gnoll hits you with a +0 spear.
* * * LOW HITPOINT WARNING * * *
The gnoll hits you with a +0 spear.
* * * LOW HITPOINT WARNING * * *
You see here a +0 spear.
Unknown command.
You slash the gnoll!
The gnoll is heavily wounded.
You slash the gnoll! The gnoll hits you with a +0 spear.
* * * LOW HITPOINT WARNING * * *
The gnoll hits you with a +0 spear.
* * * LOW HITPOINT WARNING * * *
Unknown command.
You hit the gnoll.
The gnoll is severely wounded.
You closely miss the gnoll. The gnoll hits you with a +0 spear.
You die...

.# ..####
#.....
#....#####
#........
#.......
#....gg#
#@# .# #.#
... #.#
##.
#.######
##..
#..##..###
##...
##.##....
###....
#..##.##
>......
##.....#
#....
###...###
#....


You could see 2 gnolls.

Vanquished Creatures
  An orc wizard (D:3)
  4 gnolls (D:4)
  An adder (D:2)
  A white imp (D:3)
  2 worms (D:3)
  5 dart slugs
  5 orcs
  5 endoplasms
  5 giant cockroaches
  9 goblins
  2 hobgoblins (D:1)
  12 jackals
  3 quokkas
  7 ball pythons
  4 bats
  3 frilled lizards (D:1)
  4 kobolds
  16 rats
89 creatures vanquished.

Notes
Turn   | Place    | Note
-------+----------+-------------------------------------------
     0 | D:1      | Nick1 the Formicid Fighter began the quest for the Orb.
     0 | D:1      | Reached XP level 1. HP: 18/18 MP: 1/1
    30 | D:1      | Found a faded altar of an unknown god.
    95 | D:1      | Reached XP level 2. HP: 24/24 MP: 2/2
   148 | D:1      | Reached XP level 3. HP: 27/29 MP: 3/3
   630 | D:2      | Reached XP level 4. HP: 37/37 MP: 4/4
  1141 | D:3      | Found a sparkling altar of Nemelex Xobeh.
  1177 | D:3      | Reached XP level 5. HP: 21/42 MP: 5/5
  1200 | D:3      | Found a stormy altar of Qazlal.
  1384 | D:3      | Found a blossoming altar of Fedhas.
  1920 | D:4      | Found a hazy altar of Hepliaklqana.
  1966 | D:4      | Found a broken altar of Ashenzari.
  2210 | D:4      | Reached XP level 6. HP: 42/49 MP: 6/6
  2217 | D:4      | Slain by a gnoll

Illustrated notes

Levels and vault maps discovered:
D:1:      ncdulo_lavacross, layout_rooms, basic_ecumenical_altar,
          minmay_rat_gold_closets
D:2:      layout_loops_ring
D:3:      layout_basic, nemelex_spade_bored_becter,
          nicolae_qazlal_general_emergency, fedhas_altar_fruit_tree
D:4:      kennysheep_kobold_camp, layout_rooms, nicolae_overflow_crystal_walls,
          nicolae_hepliaklqana_hazy_memory, gammafunk_temple_overflow_pools,
          serial_bayou_pond_d, ebering_dispersal_statue_hall,
          nicolae_figureground_pulse

Skill      XL: |  1  2  3  4 |
---------------+-------------+-----
Axes           | 3 |  3.8
Fighting       | 4 |  4.3
Armour         | 4 |  4.2
Dodging        | |  0.5
Shields        | |  4.7

Action                     |  1- 3 |  4- 6 || total
---------------------------+-------+-------++-------
  Melee: War axe           |    93 |   122 ||   215
  Throw: Dart              |       |    10 ||    10
    Use: Scroll            |     1 |     2 ||     3
 Armour: Scale mail        |    40 |    72 ||   112
  Dodge: Dodged            |    50 |    64 ||   114
  Block: Buckler           |    30 |    21 ||    51
         Kite shield       |       |    22 ||    22
